[Event "TePe Sigeman Chess Tournament 2026"]
[Site "Elite Plaza Hotel, Gustav Adolfs Torg 49, Malmo, Sweden"]
[Date "2026.05.06"]
[Round "6.1"]
[White "Zhu, Jiner"]
[Black "Erigaisi, Arjun"]
[Result "0-1"]
[TimeControl "90 minutes for 40 moves + 30 minutes for the rest of the game + 30 seconds per move from move one."]
[WhiteTitle "GM"]
[BlackTitle "GM"]
[WhiteFideId "8608059"]
[BlackFideId "35009192"]
[WhiteElo "2546"]
[BlackElo "2751"]

1. e4 d6 2. d4 Nf6 3. Nc3 g6 4. Be3 Bg7 5. Nf3 O-O 6. Qd2 a6 7. Bd3 Nc6 8. d5 Ne5 9. Nxe5 dxe5 10.
f3 e6 11. Bc4 b5 12. Bb3 b4 13. Na4 exd5 14. exd5 e4 15. O-O-O exf3 16. gxf3 a5 17. h4 Nh5 18. d6 Bb7 19.
dxc7 Qxc7 20. Qd7 Qe5 21. Qxb7 Qxe3+ 22. Kb1 Qf4 23. Rd7 Rae8 24. Rhd1 Qf6 25. Qb5 Qxf3 26. Qxa5 Nf6 27. R7d3 Qf4 28.
Qg5 Qxg5 29. hxg5 Ne4 30. Rd5 Re5 31. Nb6 Nxg5 32. Rxe5 Bxe5 33. Nd7 Re8 34. a4 bxa3 35. Nxe5 Rxe5 36.
bxa3 Kf8 37. Kb2 Ke7 38. a4 f5 39. Bd5 Kd6 40. c4 Kc5 41. a5 Re2+ 42. Ka3 Re3+ 43. Kb2 Ne6 44. Rh1 Nf4 45.
Bb7 Nd3+ 46. Kc2 Nb4+ 47. Kd2 Ra3 48. Rxh7 Rxa5 49. Rg7 Ra7 50. Kc3 Ra3+ 51. Kd2 Rg3 52. Bc8 f4 53. Be6 g5 54.
Rb7 Rd3+ 55. Kc1 Re3 56. Bg8 f3 57. Kd2 Rd3+ 58. Ke1 Rb3 59. Rg7 Nd3+ 60. Kd2 Ne5 61. Rxg5 Kd4 62. Bh7 f2 63.
Ke2 Rf3 64. Kf1 Nxc4 65. Rg4+ Kc3 66. Rxc4+ Kxc4 67. Be4 Rf4 0-1

[Event "TePe Sigeman Chess Tournament 2026"]
[Site "Elite Plaza Hotel, Gustav Adolfs Torg 49, Malmo, Sweden"]
[Date "2026.05.06"]
[Round "6.2"]
[White "Erdogmus, Yagiz Kaan"]
[Black "Abdusattorov, Nodirbek"]
[Result "1/2-1/2"]
[TimeControl "90 minutes for 40 moves + 30 minutes for the rest of the game + 30 seconds per move from move one."]
[WhiteTitle "GM"]
[BlackTitle "GM"]
[WhiteFideId "44599790"]
[BlackFideId "14204118"]
[WhiteElo "2708"]
[BlackElo "2780"]

1. e4 c5 2. Nf3 d6 3. d4 cxd4 4. Nxd4 Nf6 5. Nc3 a6 6. Be2 e6 7. f4 Be7 8. Be3 e5 9. fxe5 dxe5 10.
Nf5 Qxd1+ 11. Rxd1 Bxf5 12. exf5 Bb4 13. Bd2 Nc6 14. a3 Bc5 15. Bd3 e4 16. Nxe4 Nxe4 17. Bxe4 O-O-O 18. Bxc6 bxc6 19.
Ke2 Rd5 20. g4 Re8+ 21. Kf3 Red8 22. Ke2 Re5+ 23. Kf3 Red5 24. Ke2 Re8+ 25. Kf3 Red8 26. Ke2 1/2-1/2

[Event "TePe Sigeman Chess Tournament 2026"]
[Site "Elite Plaza Hotel, Gustav Adolfs Torg 49, Malmo, Sweden"]
[Date "2026.05.06"]
[Round "6.3"]
[White "Woodward, Andy"]
[Black "Carlsen, Magnus"]
[Result "0-1"]
[TimeControl "90 minutes for 40 moves + 30 minutes for the rest of the game + 30 seconds per move from move one."]
[WhiteTitle "GM"]
[BlackTitle "GM"]
[WhiteFideId "30953499"]
[BlackFideId "1503014"]
[WhiteElo "2635"]
[BlackElo "2840"]

1. d4 Nf6 2. c4 g6 3. Nc3 Bg7 4. e4 d6 5. Be2 O-O 6. Be3 a5 7. Nf3 Ng4 8. Bg5 h6 9. Bc1 e5 10.
O-O Nf6 11. Be3 Ng4 12. Bc1 Nd7 13. h3 Ngf6 14. Be3 exd4 15. Nxd4 Nc5 16. f3 Nh5 17. Qd2 g5 18. Bd1 Be6 19.
b3 a4 20. Bc2 axb3 21. axb3 Rxa1 22. Rxa1 Be5 23. Ra7 c6 24. Nce2 Nf4 25. Bf2 Nxe2+ 26. Nxe2 Qf6 27. Be3 Bxh3 28.
b4 Nd7 29. Rxb7 Be6 30. Nd4 Ra8 31. Nxe6 Qxe6 32. Bd3 Ra1+ 33. Kf2 Nf6 34. Ra7 Rh1 35. Ke2 Nh5 36. Qa2 g4 37. f4 Ra1 38.
Qxa1 Bxa1 39. Rxa1 Ng3+ 40. Kd2 Nxe4+ 41. Kc2 f5 42. b5 cxb5 43. Ra8+ Kg7 44. cxb5 Qd5 45. Rc8 Nf2 46. Rc7+ Kg6 47.
Bc4 Qd1+ 48. Kb2 d5 0-1

[Event "TePe Sigeman Chess Tournament 2026"]
[Site "Elite Plaza Hotel, Gustav Adolfs Torg 49, Malmo, Sweden"]
[Date "2026.05.06"]
[Round "6.4"]
[White "Van Foreest, Jorden"]
[Black "Grandelius, Nils"]
[Result "1/2-1/2"]
[TimeControl "90 minutes for 40 moves + 30 minutes for the rest of the game + 30 seconds per move from move one."]
[WhiteTitle "GM"]
[BlackTitle "GM"]
[WhiteFideId "1039784"]
[BlackFideId "1710400"]
[WhiteElo "2735"]
[BlackElo "2662"]

1. e4 e5 2. Nf3 Nc6 3. Bc4 Nf6 4. d3 Bc5 5. O-O d6 6. c3 O-O 7. Re1 Bb6 8. Bb3 Ne7 9. Nbd2 Ng6 10.
Nc4 h6 11. Bc2 c6 12. Nxb6 axb6 13. d4 b5 14. h3 Re8 15. a3 Qc7 16. Be3 Be6 17. Nd2 Rad8 18. Qf3 Qe7 19. Rad1 Nh4 20.
Qe2 Ng6 21. Nf1 Bc4 22. Qd2 Nh5 23. Ng3 Nxg3 24. fxg3 exd4 25. cxd4 Be6 26. Qf2 Rc8 27. Bf4 Rcd8 28. b4 d5 29.
e5 Rf8 30. Qe3 f5 31. exf6 Rxf6 32. Bxg6 Rxg6 33. g4 Re8 34. Rd2 Qd7 35. Be5 Bf7 36. Qg3 Rge6 37. Rf1 Bg6 38. Rdf2 Be4 39.
h4 b6 40. h5 Qe7 41. Rf4 c5 42. g5 Qxg5 43. Qxg5 hxg5 44. Rf7 R6e7 45. Rxe7 Rxe7 46. Bd6 Rf7 47. bxc5 bxc5 48. dxc5 Rxf1+ 49. Kxf1 d4 50. Be5 d3 51. Bc3 Kh7 52. Kf2 Kh6 53. g4 g6 54. Ke3 Bc6 55. hxg6 Kxg6 56. Kxd3 Kf7 57. Kd4 1/2-1/2

[Event "TePe Sigeman Chess Tournament 2026"]
[Site "Elite Plaza Hotel, Gustav Adolfs Torg 49, Malmo, Sweden"]
[Date "2026.05.07"]
[Round "7.1"]
[White "Erigaisi, Arjun"]
[Black "Woodward, Andy"]
[Result "1/2-1/2"]
[TimeControl "90 minutes for 40 moves + 30 minutes for the rest of the game + 30 seconds per move from move one."]
[WhiteTitle "GM"]
[BlackTitle "GM"]
[WhiteFideId "35009192"]
[BlackFideId "30953499"]
[WhiteElo "2751"]
[BlackElo "2635"]

1. d4 Nf6 2. c4 e6 3. Nc3 Bb4 4. g3 O-O 5. Bg2 Nc6 6. e4 Bxc3+ 7. bxc3 d6 8. g4 Na5 9. h4 Nxc4 10.
h5 Nd7 11. Qd3 b5 12. a4 Ba6 13. g5 c5 14. axb5 Bxb5 15. Ne2 Rb8 16. Qh3 Na5 17. Be3 Nb3 18. Ra3 Bxe2 19. Kxe2 cxd4 20.
cxd4 Qc7 21. Kf3 f5 22. gxf6 Rxf6+ 23. Kg4 e5 24. d5 Nd4 25. Kg3 Nc5 26. Kh2 Nc2 27. Bxc5 dxc5 28. Rc3 Rxf2 29.
Rc1 Nd4 30. Rxc5 Qd6 31. Rc8+ Rxc8 32. Rxc8+ Rf8 33. Qc3 Qf6 34. Rxf8+ Qxf8 35. Qc7 Qf4+ 36. Kh3 Qe3+ 37. Kh2 Qf4+ 38. Kh3 g5 39. hxg6 Qh6+ 40. Kg3 Qf4+ 41.
Kh3 Qh6+ 42. Kg3 Qxg6+ 43. Kh2 Qh6+ 44. Kg1 Qc1+ 45. Qxc1 Ne2+ 46. Kf2 Nxc1 47. Ke3 Kf7 48. Kd2 Nb3+ 49.
Kc3 Nd4 50. Kb4 Ke7 51. Ka5 h5 52. Ka6 h4 53. Kxa7 Kd6 54. Kb6 Nc2 55. Kb5 Ne3 56. Bf3 h3 57. Kb4 Nc2+ 58. Kc3 Nd4 59.
Bh1 Ne2+ 60. Kd2 Nd4 1/2-1/2

[Event "TePe Sigeman Chess Tournament 2026"]
[Site "Elite Plaza Hotel, Gustav Adolfs Torg 49, Malmo, Sweden"]
[Date "2026.05.07"]
[Round "7.2"]
[White "Abdusattorov, Nodirbek"]
[Black "Van Foreest, Jorden"]
[Result "1/2-1/2"]
[TimeControl "90 minutes for 40 moves + 30 minutes for the rest of the game + 30 seconds per move from move one."]
[WhiteTitle "GM"]
[BlackTitle "GM"]
[WhiteFideId "14204118"]
[BlackFideId "1039784"]
[WhiteElo "2780"]
[BlackElo "2735"]

1. c4 Nf6 2. Nc3 g6 3. d4 d5 4. Nf3 Bg7 5. Bg5 Ne4 6. Bf4 Nxc3 7. bxc3 c5 8. e3 O-O 9. cxd5 cxd4 10.
cxd4 Qxd5 11. Be2 Qa5+ 12. Qd2 Qxd2+ 13. Kxd2 Nc6 14. Rhc1 Rd8 15. Rc5 Bf5 16. Rb5 e5 17. Nxe5 Nxd4 18.
exd4 Rxd4+ 19. Ke3 Re4+ 20. Kf3 g5 21. Bxg5 Rxe5 22. Rxe5 Bxe5 23. Rc1 Rc8 24. Rxc8+ Bxc8 25. Ke4 Bc7 26. Bc4 Kg7 27. h4 b5 28.
Bd5 a5 29. Be3 h5 30. Bc5 Kf6 31. a3 Bf5+ 32. Ke3 Bd7 33. Bf3 Bg4 34. Bc6 b4 35. axb4 axb4 36. f3 Be6 37. Bxb4 Bg3 38.
Ba5 Kg7 39. Bd8 f6 40. Ke4 Bxh4 41. Be8 f5+ 42. Ke5 Bxd8 43. Kxe6 f4 44. Bxh5 1/2-1/2

[Event "TePe Sigeman Chess Tournament 2026"]
[Site "Elite Plaza Hotel, Gustav Adolfs Torg 49, Malmo, Sweden"]
[Date "2026.05.07"]
[Round "7.3"]
[White "Carlsen, Magnus"]
[Black "Erdogmus, Yagiz Kaan"]
[Result "1-0"]
[TimeControl "90 minutes for 40 moves + 30 minutes for the rest of the game + 30 seconds per move from move one."]
[WhiteTitle "GM"]
[BlackTitle "GM"]
[WhiteFideId "1503014"]
[BlackFideId "44599790"]
[WhiteElo "2840"]
[BlackElo "2708"]

1. d4 d5 2. Nf3 c5 3. c4 dxc4 4. e4 cxd4 5. Qxd4 Qxd4 6. Nxd4 Bd7 7. Bxc4 Nc6 8. Be3 Nxd4 9. Bxd4 e6 10.
f3 Ne7 11. Kf2 Nc6 12. Be3 Rc8 13. Nd2 Ne5 14. Be2 Bc5 15. Bxc5 Rxc5 16. Rhc1 Rxc1 17. Rxc1 Nc6 18. e5 Ke7 19.
f4 Rc8 20. a3 f6 21. exf6+ gxf6 22. Rc3 Nd4 23. Rxc8 Bxc8 24. Bd3 h6 25. Ke3 Nc6 26. Nf3 b6 27. g4 e5 28. h3 Kd6 29. Nd2 exf4+ 30. Kxf4 Ne5 31.
Bf5 Bb7 32. Bc2 Bg2 33. Kg3 Bd5 34. Kf4 Bg2 35. h4 Ke7 36. b3 Bh3 37. Bf5 Bg2 38. Ne4 Bxe4 39. Bxe4 Nf7 40. Bd5 Nd6 41.
a4 Kd7 42. b4 Nc8 43. Ke4 Ne7 44. Kd4 f5 45. g5 hxg5 46. hxg5 Kd6 47. Bb7 Ng6 48. Kc4 Nf8 49. Bc8 Ne6 50.
g6 Ke7 51. Kb5 f4 52. Ka6 f3 53. Kxa7 b5 54. g7 Nxg7 55. axb5 f2 56. Bh3 Ne6 57. b6 Nd4 58. b7 Nc6+ 59.
Ka8 1-0

[Event "TePe Sigeman Chess Tournament 2026"]
[Site "Elite Plaza Hotel, Gustav Adolfs Torg 49, Malmo, Sweden"]
[Date "2026.05.07"]
[Round "7.4"]
[White "Grandelius, Nils"]
[Black "Zhu, Jiner"]
[Result "1/2-1/2"]
[TimeControl "90 minutes for 40 moves + 30 minutes for the rest of the game + 30 seconds per move from move one."]
[WhiteTitle "GM"]
[BlackTitle "GM"]
[WhiteFideId "1710400"]
[BlackFideId "8608059"]
[WhiteElo "2662"]
[BlackElo "2546"]

1. c4 e5 2. d3 Bb4+ 3. Bd2 Bxd2+ 4. Qxd2 d6 5. Nc3 Nf6 6. g3 O-O 7. Bg2 Re8 8. Nf3 c6 9. e4 a6 10.
O-O b5 11. a3 Be6 12. Ng5 Qb6 13. b4 Nbd7 14. Nxe6 Rxe6 15. Rab1 Ree8 16. a4 Nf8 17. axb5 axb5 18. cxb5 cxb5 19.
Qe3 Qb8 20. Nd5 Nxd5 21. exd5 Ng6 22. Rfc1 Ne7 23. Be4 f5 24. Bf3 Qa7 25. Rc3 Qxe3 26. fxe3 Rec8 27. Rbc1 Rxc3 28. Rxc3 Kf8 29.
e4 Ra4 30. Rb3 Ra2 31. Bg2 Kf7 32. Bf1 Kf6 33. Rc3 Rb2 34. Rc7 Rxb4 35. Rd7 fxe4 36. dxe4 Rxe4 37. Rxd6+ Kf7 38. Rd7 Kf6 39.
Rd6+ Kg5 40. Bxb5 Nf5 41. Ra6 Rd4 42. Be2 g6 43. Ra5 Rd2 44. Bf3 Nd4 45. Bg2 Rd1+ 46. Kf2 Rd2+ 1/2-1/2